 Dungeon Crawl Stone Soup version 0.24-a0-312-g16217b4 (webtiles) character file.

Game seed: 15298515275940147611

90 Hylith the Skirmisher (level 4, -2/50 HPs)
             Began as an Ogre Fighter on May 15, 2019.
             Killed from afar by an orc wizard (7 damage)
             ... with a magic dart
             ... on level 3 of the Dungeon.
             The game lasted 00:03:21 (1662 turns).

Hylith the Skirmisher (Ogre Fighter)                Turns: 1662, Time: 00:03:23

Health: -2/50      AC:  3    Str: 21    XL:     4   Next: 56%
Magic:  4/4        EV:  8    Int:  9    God:
Gold:   46         SH:  8    Dex:  8    Spells: 3/3 levels left

rFire    . . .     SeeInvis .   a - +0 war axe
rCold    . . .     Gourm    .   c - +0 shield
rNeg     . . .     Faith    .   g - +0 robe (curse)
rPois    .         Spirit   .   (helmet restricted)
rElec    .         Reflect  .   (no cloak)
rCorr    .         Harm     .   (gloves unavailable)
MR       .....                  (boots unavailable)
Stlth    +.........             (no amulet)
HPRegen  0.16/turn              (no ring)
MPRegen  0.09/turn              (no ring)

@: no status effects
A: large, unfitting armour, tough skin 1
a: no special abilities


You were on level 3 of the Dungeon.
You were not hungry.

You visited 1 branch of the dungeon, and saw 3 of its levels.

You collected 46 gold pieces.

Inventory:

Hand Weapons
 a - a +0 war axe (weapon)
Missiles
 i - 6 silver javelins (quivered)
Armour
 c - a +0 shield (worn)
 g - a cursed +0 robe (worn)
Scrolls
 b - a scroll of blinking {unknown}
 h - 3 scrolls of identify {unknown}
 k - 3 scrolls of teleportation {unknown}
 m - a scroll of enchant weapon {unknown}
 r - a scroll of amnesia {unknown}
 s - a scroll of enchant armour {unknown}
Potions
 d - a potion of might
 e - a potion of heal wounds {unknown}
 j - a potion of flight {unknown}
 l - 2 potions of cancellation
 n - a potion of magic {unknown}
 o - a potion of lignification {unknown}
 p - a potion of curing {unknown}
Comestibles
 f - 6 rations
 q - a chunk of flesh


   Skills:
 + Level 5.3 Fighting
 + Level 3.0 Axes
 - Level 3.0 Dodging
 + Level 3.2 Shields


You had 3 spell levels left.
You didn't know any spells.
Your spell library was empty.

Dungeon Overview and Level Annotations

Branches:
Dungeon (3/15)

Altars:


Innate Abilities, Weirdness & Mutations

You are too large for most types of armour.
You have tough skin. (AC +1)


Message History

* * * LOW HITPOINT WARNING * * *
The orc barely misses you.
The orc wizard hits you with a +0 dagger.
* * * LOW HITPOINT WARNING * * *
The orc hits you.
* * * LOW HITPOINT WARNING * * *
Your shield prevents you from hitting the orc wizard.
The orc wizard is severely wounded.
You hit the orc.
You kill the orc!
You block the orc wizard's attack. The orc wizard barely misses you.
The orc wizard mumbles some strange words.
The orc wizard blinks!
It was a potion of cancellation.
Your magical effects are unravelling.
You feel magically purged.
You feel yourself speed up. The orc wizard casts a spell at you.
The magic dart hits you!
You die...

........#####.##.
#.#.............
###.####.#####.###
#........# #...>
#.###...........##
#.# ####.######.#
# #.# #.# .#
#.#.######.# .#
#.)@(......# .#
#.#ยง######.#
#.#.# .# # #.# #o#
#.# #.# #.#


You could see an orc wizard.

Vanquished Creatures
  An orc priest (D:3)
  A gnoll (D:1)
  A leopard gecko (D:1)
  3 orcs (D:3)
  6 bats
  6 giant cockroaches
  4 goblins
  4 hobgoblins (D:1)
  2 jackals (D:1)
  2 quokkas (D:3)
  2 frilled lizards (D:1)
  9 kobolds
  3 rats (D:1)
44 creatures vanquished.

Notes
Turn   | Place    | Note
-------+----------+-------------------------------------------
     0 | D:1      | Hylith the Ogre Fighter began the quest for the Orb.
     0 | D:1      | Reached XP level 1. HP: 24/24 MP: 1/1
    48 | D:1      | Reached XP level 2. HP: 23/33 MP: 2/2
   332 | D:1      | Reached XP level 3. HP: 26/40 MP: 3/3
  1229 | D:2      | Reached skill level 5 in Fighting
  1652 | D:3      | Reached XP level 4. HP: 42/50 MP: 4/4
  1662 | D:3      | Killed from afar by an orc wizard

Levels and vault maps discovered:
D:1:      lightli_iron_boxes, layout_basic, minmay_tiny_reverse_x
D:2:      layout_loops_ring, minmay_worlds_worst_comb
D:3:      layout_loops_ring, first_ration

Skill      XL: |  1  2  3 |
---------------+----------+-----
Shields        | 3 |  3.2
Dodging        | 3 |  3.0
Fighting       | 5 |  5.3
Axes           | 3 |  3.0

Action                   |  1- 3 |  4- 6 || total
-------------------------+-------+-------++-------
Melee: War axe           |   129 |     9 ||   138
  Use: Potion            |       |     1 ||     1
 Stab: Sleeping          |     2 |       ||     2
  Eat: Chunk             |     3 |       ||     3
Armor: Robe              |    43 |     2 ||    45
Dodge: Dodged            |    59 |     3 ||    62
Block: Shield            |    50 |     7 ||    57

Table legend:
 A = Non-vault XP
 B = Vault XP
 C = Vault XP percentage of total XP
 D = Non-vault monster count
 E = Vault monster count
 F = Vault count percentage of total count
                 A         B        C        D         E       F
            +---------+---------+-------+---------+---------+-------
      Total |     119 |      10 |   7.8 |      39 |       5 |  11.4
            +---------+---------+-------+---------+---------+-------
        D:1 |      61 |       4 |   6.2 |      30 |       2 |   6.2
        D:2 |       4 |       6 |  60.0 |       3 |       3 |  50.0
        D:3 |      54 |       0 |   0.0 |       6 |       0 |   0.0
            +---------+---------+-------+---------+---------+-------
